 Dungeon Crawl Stone Soup version 0.23.2-30-g0e89c35649 (webtiles) character file.

Game seed: 13320562508259103831

49 DildoBatman the Magician (level 4, 0/30 HPs)
             Began as a Formicid Wizard on June 17, 2019.
             Succumbed to an adder's poison
             ... on level 3 of the Dungeon.
             The game lasted 00:03:45 (1652 turns).

DildoBatman the Magician (Formicid Wizard)          Turns: 1652, Time: 00:03:46

Health: 0/30       AC:  2    Str: 12    XL:     4   Next: 1%
Magic:  8/8        EV: 12    Int: 18    God:
Gold:   171        SH:  0    Dex:  9    Spells: 2/9 levels left

rFire    . . .     SeeInvis +   i - +0 short sword
rCold    . . .     Gourm    .   (no shield)
rNeg     . . .     Faith    .   a - +0 robe
rPois    .         Spirit   .   (helmet unavailable)
rElec    .         Reflect  .   (no cloak)
rCorr    +         Harm     .   (no gloves)
MR       .....                  (no boots)
Stlth    ++........             (no amulet)
HPRegen  0.10/turn              o - ring of resist corrosion
MPRegen  0.11/turn              (no ring)

@: lethally poisoned (0 -> -15)
A: permanent stasis, dig shafts and tunnels, four strong arms, antennae 3
a: Dig, Shaft Self


You were on level 3 of the Dungeon.
You were hungry.

You visited 1 branch of the dungeon, and saw 3 of its levels.

You collected 171 gold pieces.

Inventory:

Hand Weapons
 f - a +0 club
 i - a +0 short sword (weapon)
Missiles
 e - 44 sling bullets
 g - 52 stones (quivered)
 k - 13 arrows
Armour
 a - a +0 robe (worn)
Magical Staves
 q - an uncursed staff of power {unknown}
Jewellery
 o - a ring of resist corrosion (left hand)
Scrolls
 c - a scroll of enchant weapon {unknown}
 d - 5 scrolls of identify {unknown}
 j - a scroll of remove curse {unknown}
 n - a scroll of random uselessness {unknown}
 p - a scroll of magic mapping {unknown}
Potions
 h - a potion of curing {unknown}
 l - a potion of ambrosia {unknown}
 m - a potion of lignification {unknown}
Comestibles
 v - 4 rations


   Skills:
 - Level 1.7 Dodging
 - Level 2.4 Stealth
 - Level 3.2 Spellcasting
 * Level 3.2 Conjurations
   Level 1.0 Summonings
   Level 0.8 Translocations


You had 2 spell levels left.
You knew the following spells:

 Your Spells              Type           Power        Failure   Level  Hunger
a - Conjure Flame         Conj/Fire      #.......     24%         3    ###....
c - Magic Dart            Conj           ##..         4%          1    None
e - Mephitic Cloud        Conj/Pois/Air  #.......     30%         3    ###....

Your spell library contained the following spells:

 Spells                   Type           Power        Failure   Level  Hunger
 Call Imp                 Summ           #.......     16%         2    ##.....
 Slow                     Hex            #.......     24%         2    ##.....
 Blink                    Tloc           Unusable     N/A         2    N/A

Dungeon Overview and Level Annotations

Branches:
Dungeon (3/15)

Altars:

Annotations:
D:1 Sigmund, Terence
D:2 2 exclusions, Natasha


Innate Abilities, Weirdness & Mutations

You cannot be hasted, slowed, berserked, paralysed or teleported.
You can dig through walls and to a lower floor.
Your four strong arms can wield two-handed weapons with a shield.
You have a pair of large antennae on your head. (SInv)


Message History

Orders for allies: a - Attack new target. r - Retreat! s - Stop attacking. g - Guard the area. f - Follow me.
Anything else - Cancel.
You shout for attention!
You feel sick. The adder bites you.
You are more poisoned.
The adder poisons you! The adder misses you. The adder barely misses you.
The orc closely misses you. What are your orders? t - Shout!
Orders for allies: a - Attack new target. r - Retreat! s - Stop attacking. g - Guard the area. f - Follow me.
Anything else - Cancel.
You shout for attention!
You die...

#. #. #.
###.##
..... #..#
###.S###.#
#..oo@...#
#.#.S#####
#..# #..#
#..# #..#
#..#######
#.........
#.########


You could see 2 adders and 2 orcs.

Vanquished Creatures
  A worm (D:2)
  3 dart slugs
  2 bats
  A giant cockroach (D:2)
  5 hobgoblins
  3 frilled lizards (D:1)
  8 goblins
  7 kobolds
  10 rats
40 creatures vanquished.

Notes
Turn   | Place    | Note
-------+----------+-------------------------------------------
     0 | D:1      | DildoBatman the Formicid Wizard began the quest for the
                  | Orb.
     0 | D:1      | Reached XP level 1. HP: 13/13 MP: 4/4
    24 | D:1      | Reached skill level 1 in Conjurations
   176 | D:1      | Reached XP level 2. HP: 16/19 MP: 4/6
   537 | D:1      | Reached XP level 3. HP: 19/24 MP: 0/7
   544 | D:1      | Learned a level 3 spell: Conjure Flame
   548 | D:1      | Learned a level 3 spell: Mephitic Cloud
   812 | D:2      | Noticed Terence
  1023 | D:2      | Noticed Natasha
  1170 | D:2      | Noticed Sigmund
  1398 | D:2      | Reached XP level 4. HP: 24/30 MP: 0/8
  1651 | D:3      | HP: 1/30 [adder (3)]
  1652 | D:3      | Succumbed to an adder's poison

Skill      XL: |  1  2  3 |
---------------+----------+-----
Conjurations   | 1 2 3 |  3.2
Dodging        | |  1.7
Stealth        | |  2.4
Spellcasting   | |  3.2
Summonings     | |  1.0
Translocations | |  0.8

Action                   |  1- 3 |  4- 6 || total
-------------------------+-------+-------++-------
Melee: Unarmed           |    12 |       ||    12
       Club              |    10 |       ||    10
       Short sword       |    11 |       ||    11
 Cast: Magic Dart        |    78 |       ||    78
       Mephitic Cloud    |     2 |       ||     2
 Abil: Dig               |     2 |       ||     2
 Stab: Sleeping          |     3 |       ||     3
  Eat: Chunk             |     2 |       ||     2
Armor: Robe              |     3 |     5 ||     8
Dodge: Dodged            |    26 |    24 ||    50
